 Dungeon Crawl Stone Soup version 0.30-a0-953-g5f1da4a474 (webtiles) character file.

Game seed: 11670185708385047528

17295 gelatine the Cleaver (level 12, -5/95 HPs)
             Began as a Demonspawn Fighter on Mar 28, 2023.
             Was a High Priest of Makhleb.
             Slain by a very large slime creature (42 damage)
             ... on level 12 of the Dungeon.
             The game lasted 00:34:25 (11715 turns).

gelatine the Cleaver (Demonspawn Fighter)          Turns: 11715, Time: 00:34:26

Health: -5/95      AC: 24    Str: 21    XL:     12   Next: 17%
Magic:  19/19      EV: 14    Int: 10    God:    Makhleb [*****.]
Gold:   534        SH: 12    Dex: 13    Spells: 21/21 levels left

rFire   . . .      SeeInvis .    a - +0 war axe
rCold   . . .      Faith    .    Q - +2 kite shield
rNeg    + + .      Spirit   .    L - +6 chain mail "Juimukha" {rN++}
rPois   +          Reflect  .    J - +2 helmet
rElec   .          Rampage  .    n - +0 cloak
rCorr   .                        (no gloves)
Will    .....                    x - +2 pair of boots Stlth
                                 P - amulet of the acrobat
HPRegen 0.35/turn                h - ring of poison resistance
MPRegen 0.16/turn                z - +5 ring of evasion

@: studying 2 skills
A: icy blue scales 1, demonic guardian 1, spiny 2, demonic touch 2
a: Renounce Religion, Minor Destruction, Lesser Servant of Makhleb, Major
Destruction, Greater Servant of Makhleb


You were on level 12 of the Dungeon.
You worshipped Makhleb.
Makhleb was extremely pleased with you.
You visited 2 branches of the dungeon, and saw 13 of its levels.
You also visited: Sewer.

You collected 948 gold pieces.
You spent 414 gold pieces at shops.

Inventory:

Hand Weapons
 a - a +0 war axe (weapon)
 W - a +0 vampiric hand axe
Missiles
 w - 2 datura-tipped darts
 N - 4 curare-tipped darts
 O - 12 poisoned darts
 X - 4 boomerangs (quivered)
Armour
 c - a +0 buckler
 n - a +0 cloak (worn)
 x - a +2 pair of boots (worn)
 I - a +2 robe of willpower
 J - a +2 helmet (worn)
 K - a +0 robe of positive energy
 L - the +6 chain mail "Juimukha" (worn) {rN++}
   (You took it off an orc priest on level 12 of the Dungeon)

   rN:        It greatly protects you from negative energy.
 Q - a +2 kite shield (worn)
 T - a +1 troll leather armour
Magical Staves
 y - a staff of poison
Jewellery
 d - a ring of willpower
 h - a ring of poison resistance (left hand)
 z - a +5 ring of evasion (right hand)
 M - a ring of ice
 P - an amulet of the acrobat (around neck)
 Z - a ring of fire
Wands
 u - a wand of roots (13)
 F - a wand of quicksilver (1)
 U - a wand of mindburst (7)
 Y - a wand of charming (4)
Scrolls
 b - 2 scrolls of immolation {unknown}
 e - a scroll of butterflies
 g - 6 scrolls of magic mapping
 i - 3 scrolls of vulnerability {unknown}
 j - 2 scrolls of poison
 k - 2 scrolls of noise
 l - 3 scrolls of fear
 m - 3 scrolls of enchant weapon {unknown}
 s - 3 scrolls of brand weapon {unknown}
 A - a scroll of torment
 H - 5 scrolls of teleportation {unknown}
 R - 4 scrolls of fog
Potions
 f - a potion of invisibility
 o - 2 potions of magic
 p - 2 potions of attraction
 q - 2 potions of curing
 r - 3 potions of flight
 t - 3 potions of ambrosia
 v - 2 potions of brilliance
 B - 2 potions of mutation
 D - a potion of heal wounds
 E - 2 potions of cancellation
 G - 3 potions of haste {unknown}
 S - a potion of berserk rage {unknown}
 V - 2 potions of might


   Skills:
 * Level 9.0 Fighting
 + Level 11.3 Axes
 + Level 2.2 Throwing
 + Level 4.0 Armour
 * Level 7.6 Dodging
 + Level 3.1 Stealth
 * Level 6.8 Shields
 + Level 5.0 Spellcasting
 + Level 3.1 Poison Magic
 * Level 7.3 Invocations
 + Level 3.1 Evocations


You had 21 spell levels left.
You didn't know any spells.
Your spell library contained the following spells:

 Spells                   Type           Power      Damage    Failure   Level
 Shock                    Conj/Air       8%         1d3       99%         1
 Ignite Poison            Fire/Tmut/Pois 4%         N/A       100%        3
 Swiftness                Air            2%         N/A       100%        3
 Airstrike                Air            1%         2d(1-17)  100%        4
 Sticky Flame             Conj/Fire      2%         2d3       100%        4
 Ignition                 Fire           1%         3d3       100%        8


Dungeon Overview and Level Annotations

Branches:
Dungeon (12/15)            Temple (1/1) D:5            Lair (0/5) D:10
    Orc (0/2) D:10          Sewer (visited)

Altars:
Ashenzari
Cheibriados
Dithmenos
Fedhas
Gozag
Hepliaklqana
Kikubaaqudgha
Makhleb
Nemelex Xobeh
Okawaru
Qazlal
Ru
Sif Muna
Trog
Vehumet
Wu Jian
Xom
Yredelemnul

Shops:
D:5 (   D:6 *   D:10 [   D:11 =


Innate Abilities, Weirdness & Mutations

You are partially covered in icy blue scales. (AC +2)
A weak demonic guardian rushes to your aid.
You are mostly covered in sharp spines.
Your touch may inflict irresistible damage on your foes.


Message History

Something misses your butterfly. The slime creature hits your butterfly!
Your butterfly dies!
Your butterfly disappears in a burst of colours!
You block the slime creature's attack.
You slash the slime creature!
The slime creature is lightly wounded.
The slime creature is struck by your spines.
The slime creature hits you but does no damage.
The large slime creature closely misses your butterfly.
You slash the slime creature!
The slime creature is heavily wounded.
You block the slime creature's attack.
A large slime creature splits.
You completely miss the slime creature.
The slime creature is heavily wounded.
The slime creature misses you. The slime creature hits your butterfly.
Your butterfly dies!
Your butterfly disappears in a burst of colours!
The slime creature hits your butterfly.
Your butterfly dies!
Your butterfly disappears in a burst of colours!
You barely miss the slime creature.
The slime creature is heavily wounded.
You block the slime creature's attack.
You slice the slime creature!!
The slime creature is severely wounded.
You block the slime creature's attack.
Two slime creatures merge to form a large slime creature.
Two slime creatures merge to form a very large slime creature.
Unknown command.
You slice the very large slime creature!!
The very large slime creature is almost dead.
You hit the very large slime creature.
The very large slime creature is almost dead.
You block the very large slime creature's attack.
You hit the very large slime creature but do no damage.
The very large slime creature is almost dead.
The very large slime creature is struck by your spines.
The very large slime creature hits you!!!
You die...

#..###†# ###.b###........#
#. .## #.#####
#..###......... .... #
#.....###...#...............
.
##.###.......bb...###..####.
.## #..# ####..####.### #.#
## ..###.## ##bb## # ...##.#
#.bb.# #.)#..#####..##J##
#.)........J# ##@##
..##.#####..# #..# ####.#
#.. #### # ##. ## .# #.#
#... ###. ## .#.


You could see a very large slime creature.

Vanquished Creatures
  A boulder beetle (D:12)
  5 two-headed ogres
  An ugly thing (D:11)
  A manticore (D:11)
  3 cyclopes
  Joseph (D:7)
  An unseen horror (D:10)
  2 kobold demonologists
  Prince Ribbit (D:5)
  3 slime creatures (D:12)
  Sigmund (D:5)
  A vampire (D:9)
  3 shadows (D:10)
  Eustachio (D:6)
  20 yaks
  A wraith (D:8)
  7 vampire mosquitoes (D:12)
  3 acid dragons (D:11)
  An ice beast (D:7)
  A sky beast (D:7)
  An ogre (D:4)
  2 centaurs
  3 phantoms (D:5)
  8 kobold brigands
  2 gnoll sergeants
  2 bullfrogs
  2 scorpions
  7 wights (D:8)
  3 troll zombies (D:10)
  23 killer bees
  7 howler monkeys
  2 centaur zombies (D:4)
  2 jellies
  A hound (D:5)
  A gnoll bouda (D:6)
  3 orc priests
  A sleepcap (D:7)
  3 iguanas
  7 orc wizards
  A scorpion zombie (D:4)
  4 ogre zombies (D:10)
  4 hound zombies (D:4)
  2 hound skeletons (D:4)
  A howler monkey zombie (D:4)
  18 gnolls
  12 adders
  A river rat (Sewer)
  A shadow imp (D:8)
  2 white imps
  2 ufetubi
  4 adder zombies (D:4)
  3 worms
  30 orcs
  4 bats
  4 endoplasms
  5 giant cockroaches
  5 goblins
  8 hobgoblins
  5 jackals
  5 quokkas
  11 ball pythons
  8 frilled lizards
  3 goblin zombies (D:10)
  3 hobgoblin zombies (D:10)
  31 kobolds
  2 orc skeletons (D:10)
  14 orc zombies (D:10)
  6 rats
337 creatures vanquished.

Vanquished Creatures (collateral kills)
  An unseen horror (D:12)
  An orc warrior (D:10)
  An ogre (D:4)
  A troll zombie (D:10)
  An orc wizard (D:10)
  An adder (D:4)
  A goblin skeleton (D:10)
  A goblin zombie (D:10)
  An orc zombie (D:10)
9 creatures vanquished.

Vanquished Creatures (others)
  19 plants (Sewer)
  2 withered plants (D:4)
21 creatures vanquished.

Grand Total: 367 creatures vanquished

Notes
Turn   | Place    | Note
-------+----------+-------------------------------------------
     0 | D:1      | gelatine the Demonspawn Fighter began the quest for the
                  | Orb.
     0 | D:1      | Reached XP level 1. HP: 18/18 MP: 1/1
   229 | D:1      | Gained mutation: A weak demonic guardian rushes to your
                  | aid. [demonic ancestry]
   229 | D:1      | Reached XP level 2. HP: 19/24 MP: 2/2
   737 | D:2      | Reached skill level 2 in Axes
   749 | D:2      | Reached XP level 3. HP: 18/30 MP: 3/3
  1250 | D:2      | Gained mutation: You are partially covered in sharp spines.
                  | [demonic ancestry]
  1250 | D:2      | Reached XP level 4. HP: 20/37 MP: 4/4
  1426 | D:3      | Found a shimmering blue altar of Sif Muna.
  1440 | D:3      | Found an opulent altar of Gozag.
  1634 | D:3      | Reached skill level 3 in Axes
  1637 | D:3      | Reached skill level 1 in Dodging
  1998 | D:4      | Gained mutation: You are mostly covered in sharp spines.
                  | [demonic ancestry]
  1998 | D:4      | Reached XP level 5. HP: 42/42 MP: 6/6
  2021 | D:4      | Noticed an ogre
  2034 | D:4      | Killed an ogre
  2035 | D:4      | Reached skill level 1 in Spellcasting
  2196 | D:4      | Reached XP level 6. HP: 48/48 MP: 6/8
  2379 | D:4      | Reached skill level 4 in Axes
  2465 | D:4      | Found a glowing drain.
  2475 | Sewer    | Entered a sewer
  2501 | Sewer    | Gained mutation: Your touch may inflict minor irresistible
                  | damage on your foes. [demonic ancestry]
  2501 | Sewer    | Reached XP level 7. HP: 28/55 MP: 8/10
  3270 | D:4      | Reached skill level 5 in Axes
  3812 | D:5      | Entered Level 5 of the Dungeon
  3812 | D:5      | Found Hipabud's Antique Weapon Shop.
  3826 | D:5      | Found a staircase to the Ecumenical Temple.
  3886 | Temple   | Entered the Ecumenical Temple
  4093 | Temple   | Became a worshipper of Makhleb the Destroyer
  4105 | D:5      | Noticed Sigmund
  4113 | D:5      | Killed Sigmund
  4114 | D:5      | Reached skill level 5 in Fighting
  4114 | D:5      | Reached XP level 8. HP: 62/62 MP: 12/12
  4137 | D:5      | Identified a scroll of acquirement
  4195 | D:5      | Noticed Prince Ribbit
  4209 | D:5      | Killed Prince Ribbit
  4395 | D:5      | Reached skill level 6 in Axes
  4782 | D:6      | Noticed Eustachio
  4817 | D:6      | Killed Eustachio
  4936 | D:6      | Found an iron altar of Okawaru.
  4964 | D:6      | Gained mutation: Your touch may inflict irresistible damage
                  | on your foes. [demonic ancestry]
  4964 | D:6      | Reached XP level 9. HP: 53/69 MP: 15/15
  5256 | D:6      | Found Veviurich's Serpentskin Sales.
  5469 | D:6      | Reached * piety under Makhleb
  5638 | D:7      | Reached skill level 1 in Invocations
  5810 | D:7      | Found a sparkling altar of Nemelex Xobeh.
  5838 | D:7      | Noticed Joseph
  5844 | D:7      | Killed Joseph
  5845 | D:7      | Reached skill level 1 in Stealth
  5845 | D:7      | Reached skill level 1 in Poison Magic
  5845 | D:7      | Reached skill level 1 in Evocations
  5926 | D:7      | Found a broken altar of Ashenzari.
  6342 | D:7      | Found an ornate altar of the Wu Jian Council.
  6864 | D:8      | Reached skill level 7 in Axes
  6866 | D:8      | Gained mutation: You are partially covered in icy blue
                  | scales. (AC +2) [demonic ancestry]
  6866 | D:8      | Reached XP level 10. HP: 43/77 MP: 16/16
  6975 | D:8      | Reached skill level 5 in Dodging
  6975 | D:8      | Reached skill level 5 in Shields
  6978 | D:8      | Reached ** piety under Makhleb
  7198 | D:8      | Acquired a manual of Axes
  7781 | D:9      | Reached skill level 8 in Axes
  7781 | D:9      | Reached skill level 5 in Spellcasting
  8101 | D:9      | Reached skill level 1 in Throwing
  8101 | D:9      | Reached *** piety under Makhleb
  9081 | D:10     | Entered Level 10 of the Dungeon
  9160 | D:10     | Noticed a two-headed ogre
  9172 | D:10     | Killed a two-headed ogre
  9173 | D:10     | Reached skill level 5 in Invocations
  9173 | D:10     | Reached XP level 11. HP: 82/84 MP: 18/18
  9223 | D:10     | Found a staircase to the Lair.
  9261 | D:10     | Noticed a two-headed ogre
  9288 | D:10     | Reached skill level 9 in Axes
  9298 | D:10     | Killed a two-headed ogre
  9372 | D:10     | Found Ciono's Antique Armour Shop.
  9380 | D:10     | Bought a runed troll leather armour for 414 gold pieces
  9484 | D:10     | Found a staircase to the Orcish Mines.
  9509 | D:10     | Reached **** piety under Makhleb
 10313 | D:11     | Reached skill level 10 in Axes
 10314 | D:11     | Noticed a brown ugly thing
 10315 | D:11     | Reached ***** piety under Makhleb
 10333 | D:11     | Killed a brown ugly thing
 10425 | D:11     | Found Noudecve's Jewellery Shoppe.
 10468 | D:11     | Noticed a two-headed ogre
 10477 | D:11     | Killed a two-headed ogre
 10844 | D:12     | Noticed a boulder beetle
 10928 | D:12     | Killed a boulder beetle
 11393 | D:12     | Noticed a two-headed ogre
 11402 | D:12     | Killed a two-headed ogre
 11460 | D:12     | Found an ornate altar of the Wu Jian Council.
 11460 | D:12     | Noticed a two-headed ogre
 11468 | D:12     | Reached XP level 12. HP: 91/94 MP: 19/19
 11474 | D:12     | Killed a two-headed ogre
 11475 | D:12     | Reached skill level 11 in Axes
 11543 | D:12     | Identified the +6 chain mail "Juimukha" {rN++}
 11715 | D:12     | Slain by a very large slime creature

Illustrated notes

Levels and vault maps discovered:
D:1:      zaba_arrival_water, layout_basic
D:2:      layout_rooms
D:3:      layout_basic, nicolae_overflow_hidden_temple
D:4:      layout_layer_cave, portal_sewer_entry_a, serial_undead,
          serial_undead_f, serial_undead_d, serial_undead_a, serial_undead_a,
          serial_undead_b, serial_undead_c
D:5:      layout_basic, minmay_temple_entry_statues_fountains, serial_shops,
          nicolae_stop_n_shop_1, uniq_prince_ribbit1, uniq_sigmund
D:6:      layout_gridville, mainiacjoe_overflow_boulevard, guppyfry_shop_venom,
          uniq_eustachio
D:7:      layout_cave_pods, zin_treasury, nemelex_spade_bored_becter,
          mainiacjoe_overflow_chevrons, evilmike_ruin_ashenzari,
          kennysheep_flooded_box, nicolae_elevator_lobby_asterisk, uniq_joseph
D:8:      layout_cave_pools, nicolae_tso_carved_into_rock,
          dreamdust_wishing_well
D:9:      layout_layer_cave, patterned_corridor
D:10:     layout_loops_cross, dpeg_oklobed_lair, zombieorc2_lemuel,
          serial_shops, shop
D:11:     layout_loops_ring, serial_shops, shop
D:12:     layout_layer_cave, gammafunk_ghost_smash, serial_bayou_pond_c,
          hangedman_feature_mirror
Temple:   hc_temple_tempest_star

Skill      XL: |  1  2  3  4  5  6  7  8  9 10 11 12 |
---------------+-------------------------------------+-----
Axes           | 2 3 4 5 6 7 8 10 11 | 11.3
Armour         | 3 4 |  4.0
Dodging        | 1 2 3 4 5 7 |  7.6
Fighting       | 4 5 6 7 8 9 |  9.0
Shields        | 3 4 5 6 |  6.8
Spellcasting   | 1 2 3 4 5 |  5.0
Invocations    | 3 5 7 |  7.3
Stealth        | 2 3 |  3.1
Poison Magic   | 2 3 |  3.1
Evocations     | 2 3 |  3.1
Throwing       | 1 2 |  2.2

Action                     |  1- 3 |  4- 6 |  7- 9 | 10-12 || total
---------------------------+-------+-------+-------+-------++-------
  Melee: War axe           |   130 |   107 |   263 |   519 ||  1019
  Throw: Dart              |       |       |     1 |    32 ||    33
         Boomerang         |       |       |       |     6 ||     6
         Throwing net      |       |       |       |     1 ||     1
 Invoke: Lesser Servant of |       |       |       |     2 ||     2
         Major Destruction |       |       |       |     3 ||     3
  Evoke: Wand              |       |       |       |     2 ||     2
    Use: Potion            |       |     2 |       |     1 ||     3
         Scroll            |       |       |    14 |     8 ||    22
   Stab: Distracted        |     1 |       |       |       ||     1
         Sleeping          |       |       |     2 |     1 ||     3
         Held in net/web   |       |       |       |     1 ||     1
 Armour: Scale mail        |    69 |    26 |       |       ||    95
         Leather armour    |       |    21 |    16 |       ||    37
         Ring mail         |       |     1 |       |       ||     1
         Robe              |       |       |    51 |    51 ||   102
         Troll leather arm |       |       |       |    95 ||    95
         Chain mail        |       |       |       |     8 ||     8
  Dodge: Dodged            |    80 |    68 |   207 |   512 ||   867
  Block: Buckler           |    33 |    22 |    87 |   129 ||   271
         Kite shield       |       |       |       |    75 ||    75

Table legend: (Time is in decaauts)
 A = Elapsed time spent in this place.
 B = Non-inter-level travel time spent in this place.
 C = Inter-level travel time spent in this place.
 D = Time resting spent in this place.
 E = Time spent auto-exploring this place.
 F = Levels seen in this place.
 G = Mean time per level.
                   A        B        C        D        E       F      G
               +--------+--------+--------+--------+--------+-----+--------+
         Total |  12100 |  11666 |    434 |      0 |   8776 |  14 |  864.3 |
       Dungeon |  11018 |  10599 |    419 |      0 |   8022 |  12 |  918.2 |
        Temple |    217 |    202 |     15 |      0 |    188 |   1 |  217.0 |
         Sewer |    865 |    865 |      0 |      0 |    565 |   1 |  865.0 |
               +--------+--------+--------+--------+--------+-----+--------+

Top non-repeatable levels by time:
     D:9: 1490 daAuts
     D:7: 1278 daAuts
     D:4: 1213 daAuts
    D:12: 1005 daAuts
    D:10: 938 daAuts
   Sewer: 865 daAuts
     D:8: 860 daAuts
     D:6: 799 daAuts
     D:1: 764 daAuts
    D:11: 717 daAuts
     D:2: 714 daAuts
     D:5: 701 daAuts
     D:3: 533 daAuts
  Temple: 217 daAuts
